 Dungeon Crawl Stone Soup version 0.32-a0-768-g0f6f1dd4b9 (webtiles) character file.

Game seed: 10838071841889381081

1831 demenzo the Cruncher (level 8, -3/73 HPs)
             Began as a Minotaur Shapeshifter on Mar 18, 2024.
             Killed from afar by a steam dragon (10 damage)
             ... with a ball of steam
             ... on level 6 of the Dungeon.
             The game lasted 00:08:44 (4845 turns).

demenzo the Cruncher (Minotaur Shapeshifter)        Turns: 4845, Time: 00:08:44

Health: -3/73      AC: 10    Str: 22    XL:     8   Next: 86%
Magic:  7/7        EV:  8    Int:  7    God:
Gold:   292        SH:  5    Dex:  9    Spells: 7/7 levels left

rFire   . . .        a - +1 rapier (elec)
rCold   . . .        (no shield)
rNeg    . . .        s - +0 chain mail
rPois   .            (helmet restricted)
rElec   .            D - +0 cloak
rCorr   .            r - +0 pair of gloves
SInv    .            (no boots)
Will    .....        o - amulet of reflection Stlth
                     (no ring)
HPRegen 0.32/turn    (no ring)
MPRegen 0.10/turn

%: reflection
@: no status effects
A: horns 2, retaliatory headbutt
a: no special abilities


You were on level 6 of the Dungeon.
You visited 1 branch of the dungeon, and saw 6 of its levels.

You collected 292 gold pieces.

Inventory:

Hand Weapons
 a - a +1 rapier of electrocution (weapon)
 b - a +1 arbalest of flaming
 f - a +0 short sword
 h - a +0 sling
 p - a +0 flail
 A - a +0 quarterstaff
 C - a +2 dagger of draining
Missiles
 m - 3 silver javelins
 x - 8 poisoned darts
Armour
 r - a +0 pair of gloves (worn)
 s - a +0 chain mail (worn)
 D - a +0 cloak (worn)
Jewellery
 o - an amulet of reflection (around neck)
Wands
 v - a wand of quicksilver (2) (quivered)
 E - a wand of charming (14)
 O - a wand of polymorph (8)
Scrolls
 g - a scroll of summoning {unknown}
 i - a scroll of enchant weapon {unknown}
 l - a scroll of torment {unknown}
 t - a scroll of poison {unknown}
 w - a scroll of immolation {unknown}
 y - a scroll of brand weapon {unknown}
 z - a scroll of enchant armour {unknown}
 B - a scroll of teleportation {unknown}
Potions
 d - 2 potions of lignification
 e - 2 potions of haste
 j - 2 potions of enlightenment
 k - 3 potions of might
 n - a potion of mutation {unknown}
 q - 3 potions of curing


   Skills:
 + Level 7.4 Fighting
 - Level 1.6(5.8) Maces & Flails
 * Level 9.0(9.1) Staves
 + Level 6.7 Dodging
 - Level 3.2 Unarmed Combat
 - Level 2.4 Shapeshifting


You had 7 spell levels left.
You didn't know any spells.
Your spell library contained the following spells:

 Spells                   Type           Power      Damage    Failure   Level
 Haunt                    Necr/Summ      0%         N/A       100%        7
 Borgnjor's Revivificati  Necr           0%         N/A       100%        8
 Death's Door             Necr           0%         N/A       100%        9


Dungeon Overview and Level Annotations

Branches:
Dungeon (6/15) Zot: 26595  Temple (0/1) D:6

Altars:
Elyvilon
Fedhas
Hepliaklqana
Xom
The Shining One

Shops:
D:1 (


Innate Abilities, Weirdness & Mutations

You have a pair of horns on your head.
You reflexively headbutt those who attack you in melee.


Message History

The ball of steam misses you.
You shoot a bolt.
The bolt hits the steam dragon but does no damage.
The steam dragon is moderately wounded.
You are engulfed in a cloud of scalding steam.
The steam dragon breathes steam at you. The ball of steam hits you!
Your +1 arbalest of flaming stops flaming.
You hear the crackle of electricity.
a - a +1 rapier of electrocution (weapon)
You are engulfed in a cloud of scalding steam.
You hit the steam dragon.
The steam dragon is moderately wounded.
You are engulfed in a cloud of scalding steam.
The steam dragon bites you but does no damage.
The steam dragon claws you but does no damage.
You closely miss the steam dragon.
The steam dragon is moderately wounded.
The steam dragon bites you! You block the steam dragon's attack.
You barely miss the steam dragon.
The steam dragon is moderately wounded.
The steam dragon bites you. The steam dragon claws you.
* * * LOW HITPOINT WARNING * * *
Aiming: Quicksilver Bolt
Press: ? - help, Shift-Dir - straight line, f/p - steam dragon
Aim: a steam dragon (moderately wounded, 71% to hit)
The bolt of dispelling energy hits the steam dragon!
The steam dragon is almost dead.
The steam dragon breathes steam at you. The ball of steam hits you!
* * * LOW HITPOINT WARNING * * *
Okay, then.
Aiming: Quicksilver Bolt
Press: ? - help, Shift-Dir - straight line, f/p - steam dragon
Aim: a steam dragon (almost dead, 71% to hit)
The bolt of dispelling energy misses the steam dragon.
You are engulfed in a cloud of scalding steam.
The steam dragon breathes steam at you. The ball of steam hits you!
You die...

## ######### .# #.......# .#
#.......# .# #.......#
.########## #.......#############
..........###.§.....#############
.########.....§.@...########...##
.# ####....D...########...## .#
##.§.§.........##...## .#
##...§...####.......## .#
#..##.#.##......#...## ##
#.###....#.##†<.#...##
############.#####..†.)..#.#...##
...........f.........##....)...##
..........#.##≈≈≈≈≈≈≈...###......


You could see a steam dragon (catching breath) and a sleepcap.

Vanquished Creatures
  Grinder (D:6)
  Eustachio (D:4)
  A black bear (D:6)
  2 ice beasts (D:5)
  A sky beast (D:6)
  5 ogres
  A phantom (D:5)
  A scorpion (D:5)
  A bullfrog (D:5)
  A wight (D:5)
  2 howler monkeys
  A jelly (D:5)
  4 hounds
  An orc wizard (D:5)
  4 gnolls (D:2)
  8 adders
  A white imp (D:5)
  2 ufetubi (D:4)
  2 dart slugs
  7 orcs
  12 ball pythons
  6 bats
  6 endoplasms
  5 giant cockroaches
  5 hobgoblins
  8 jackals
  A quokka (D:2)
  4 frilled lizards
  3 goblins
  8 kobolds
  3 rats (D:2)
108 creatures vanquished.

Vanquished Creatures (others)
  A white imp (D:5)
1 creature vanquished.

Grand Total: 109 creatures vanquished

Notes
Turn   | Place    | Note
-------+----------+-------------------------------------------
     0 | D:1      | demenzo the Minotaur Shapeshifter began the quest for the
                  | Orb.
     0 | D:1      | Reached XP level 1. HP: 16/16 MP: 0/0
   207 | D:1      | Reached XP level 2. HP: 24/24 MP: 1/1
   427 | D:1      | Found Hinif's Antique Weapon Emporium.
   925 | D:2      | Reached XP level 3. HP: 27/31 MP: 2/2
   995 | D:2      | Reached skill level 1 in Maces & Flails
  1004 | D:2      | Reached XP level 4. HP: 21/39 MP: 3/3
  1754 | D:3      | Found a glowing golden altar of the Shining One.
  1902 | D:3      | Found a faded altar of an unknown god.
  1954 | D:3      | Reached skill level 1 in Staves
  2260 | D:3      | Found a blossoming altar of Fedhas.
  2268 | D:3      | Found a hazy altar of Hepliaklqana.
  2273 | D:3      | Found a white marble altar of Elyvilon.
  2542 | D:4      | Noticed an ogre
  2544 | D:4      | HP: 2/40 [ogre/+0 giant club (28)]
  2546 | D:4      | Killed an ogre
  2547 | D:4      | Reached skill level 2 in Staves
  2547 | D:4      | Reached XP level 5. HP: 2/46 MP: 4/4
  2727 | D:4      | Reached skill level 3 in Staves
  2805 | D:4      | Noticed Eustachio
  2819 | D:4      | Killed Eustachio
  2820 | D:4      | Reached skill level 4 in Staves
  2820 | D:4      | Reached XP level 6. HP: 55/55 MP: 5/5
  2876 | D:4      | Reached skill level 5 in Fighting
  3304 | D:4      | Found a shimmering altar of Xom.
  3463 | D:5      | Entered Level 5 of the Dungeon
  3463 | D:5      | Noticed an ice beast
  3469 | D:5      | Killed an ice beast
  3470 | D:5      | Reached skill level 5 in Staves
  3470 | D:5      | Reached XP level 7. HP: 54/61 MP: 6/6
  3531 | D:5      | Reached skill level 5 in Dodging
  3674 | D:5      | Reached skill level 6 in Staves
  3819 | D:5      | Reached XP level 8. HP: 18/70 MP: 7/7
  4011 | D:5      | Reached skill level 7 in Staves
  4511 | D:6      | Reached skill level 8 in Staves
  4542 | D:6      | Noticed Grinder
  4711 | D:6      | Killed Grinder
  4712 | D:6      | Reached skill level 9 in Staves
  4845 | D:6      | Killed from afar by a steam dragon

Illustrated notes

Levels and vault maps discovered:
D:1:      lightli_arrival_windingriver, layout_rooms, serial_shops,
          nicolae_shop_dealshenge, corexii_hall_statues_l, hangedman_glass_teeth
D:2:      minmay_spotlight, layout_loops_ring, minmay_misc_feat_plants,
          kennysheep_another_room
D:3:      layout_loops_ring, amcnicky_altar_gilded,
          minmay_overflow_temple_star_quad,
          chequers_ecumenical_altar_simple_redux
D:4:      layout_basic, lemuel_coloured_pillars_altar, uniq_eustachio
D:5:      layout_cave_pools
D:6:      layout_rooms, gammafunk_temple_overflow_claw,
          nicolae_overflow_two_pavilions, minmay_temple_entry_drinking_statues,
          st_stairs_11, uniq_grinder

Skill      XL: |  1  2  3  4  5  6  7  8 |
---------------+-------------------------+-----
Fighting       | 2 3 4 5 6 7 |  7.4
Dodging        | 3 4 5 6 |  6.7
Maces & Flails | 1 |  1.6
Staves         | 2 4 5 6 9 |  9.0
Unarmed Combat | |  3.2
Shapeshifting  | |  2.4

Action                     |  1- 3 |  4- 6 |  7- 9 || total
---------------------------+-------+-------+-------++-------
  Melee: Short sword       |    65 |       |       ||    65
         Unarmed           |     3 |       |       ||     3
         Headbutt          |    13 |    11 |    14 ||    38
         Flail             |    17 |     9 |       ||    26
         Quarterstaff      |       |    48 |       ||    48
         Dagger            |       |    24 |       ||    24
         Rapier            |       |    19 |   122 ||   141
   Fire: Arbalest          |       |       |     9 ||     9
Ability: Begin Untransform |       |     1 |       ||     1
  Evoke: Wand              |       |     3 |     6 ||     9
    Use: Scroll            |       |       |     5 ||     5
   Stab: Sleeping          |     1 |       |       ||     1
 Armour: Animal skin       |    50 |    13 |       ||    63
         Ring mail         |       |    69 |    56 ||   125
         Chain mail        |       |       |    53 ||    53
  Dodge: Dodged            |    59 |    77 |    64 ||   200
  Block: Other             |     6 |    22 |    25 ||    53

Table legend: (Time is in decaauts)
 A = Elapsed time spent in this place.
 B = Non-inter-level travel time spent in this place.
 C = Inter-level travel time spent in this place.
 D = Time resting spent in this place.
 E = Time spent auto-exploring this place.
 F = Levels seen in this place.
 G = Mean time per level.
                   A        B        C        D        E       F      G
               +--------+--------+--------+--------+--------+-----+--------+
         Total |   4896 |   4613 |    283 |    588 |   3102 |   6 |  816.0 |
       Dungeon |   4896 |   4613 |    283 |    588 |   3102 |   6 |  816.0 |
               +--------+--------+--------+--------+--------+-----+--------+

Top non-repeatable levels by time:
     D:4: 1077 daAuts
     D:5: 1062 daAuts
     D:2: 1023 daAuts
     D:1: 729 daAuts
     D:3: 652 daAuts
     D:6: 351 daAuts
